 Dungeon Sprint DCSS version 0.30.1-11-g7821555f0a (webtiles) character file.

Game seed: 9573389925086140919

33200 Heoruswealwe the Minotaur Porcupine (level 13, -1/147 HPs)
             Began as a Minotaur Fighter on Dec 22, 2023.
             Was an Initiate of Gozag.
             Succumbed to barbed spike wounds
             ... in the Dungeon (Sprint IX: "|||||||||||||||||||||||||||||").
             The game lasted 00:30:55 (3275 turns).

Heoruswealwe the Minotaur Porcupine (MiFi)          Turns: 3275, Time: 00:30:55

Health: -1/147     AC: 34    Str: 28    XL:     13   Next: 35%
Magic:  1/12       EV:  9    Int:  3    God:    Gozag
Gold:   5          SH:  0    Dex: 11    Spells: 12/12 levels left

rFire   . . .        b - +2 halberd (venom)
rCold   . . .        (shield currently unavailable)
rNeg    . . .        c - +0 plate armour
rPois   .            g - +2 hat
rElec   +            h - +0 cloak "Adedufir" {rElec Str+3 Int-2}
rCorr   .            f - +2 pair of gloves {infuse}
SInv    .            e - +0 pair of boots
Will    .....        (no amulet) Stlth
                     k - +2 ring of protection
HPRegen 0.44/turn    j - +2 ring of protection
MPRegen 0.13/turn

%: no teleportation, infuse magic (1 MP)
@: spiked, gold aura, slowed, very slow
A: horns 2, retaliatory headbutt
a: Renounce Religion, Potion Petition, Call Merchant, Bribe Branch


You were in the Dungeon.
You worshipped Gozag.
Gozag was noncommittal.
You visited 1 branch You collected 10877 gold pieces.
You spent 4265 gold pieces at shops.
You paid 6607 gold pieces to Gozag.

Inventory:

Hand Weapons
 a - a +0 trident
 b - a +2 halberd of venom (weapon)
 v - the +8 glaive of Patterns {flame, *Rage rPois Dex+2}
   (You found it in the Dungeon)

   Dex:       It affects your dexterity (+2).
   rPois:     It protects you from poison.
   *Rage:     It berserks you when you make melee attacks (+20% chance).
 z - a +5 bardiche of protection
Armour
 c - a +0 plate armour (worn)
 d - the +10 tower shield of Ignorance {rN+ Int-4}
   (You bought it in a shop in the Dungeon)

   Int:       It affects your intelligence (-4).
   rN:        It protects you from negative energy.
 e - a +0 pair of boots (worn)
 f - a +2 pair of gloves of infusion (worn)
 g - a +2 hat (worn)
 h - the +0 cloak "Adedufir" (worn) {rElec Str+3 Int-2}
   (You bought it in a shop in the Dungeon)

   Str:       It affects your strength (+3).
   Int:       It affects your intelligence (-2).
   rElec:     It insulates you from electricity.
 x - a +0 cloak of preservation
Jewellery
 j - a +2 ring of protection (right hand)
 k - a +2 ring of protection (left hand)
 t - a ring of protection from fire
 u - a ring of poison resistance
Wands
 m - a wand of iceblast (10)
 o - a wand of mindburst (12)
Scrolls
 q - 5 scrolls of enchant armour
 r - 4 scrolls of enchant weapon
 y - a scroll of identify
 A - a scroll of vulnerability
Potions
 i - a potion of haste
 l - 3 potions of curing
 n - 2 potions of might
 p - a potion of mutation
 w - a potion of berserk rage
Miscellaneous
 s - a lightning rod (4/4)


   Skills:
 + Level 22.9 Fighting
 O Level 27 Polearms
 + Level 23.0 Armour
 - Level 3.6 Shields


You had 12 spell levels left.
You didn't know any spells.
Your spell library contained the following spells:

 Spells                   Type           Power      Damage    Failure   Level
 Foxfire                  Conj/Fire      0%         2x1d4     92%         1
 Sublimation of Blood     Necr           0%         N/A       98%         2
 Petrify                  Tmut/Erth      0%         N/A       100%        4
 Fireball                 Conj/Fire      0%         3d3       100%        5
 Irradiate                Conj/Tmut      0%         3d11      100%        5
 Plasma Beam              Fire/Air       0%         2x1d11    100%        6
 Starburst                Conj/Fire      0%         6d3       100%        6


Dungeon Overview and Level Annotations

Branches:
Dungeon (1/1)

Altars:
Cheibriados
Dithmenos
Elyvilon
Fedhas
Gozag
Hepliaklqana
Kikubaaqudgha
Makhleb
Nemelex Xobeh
Okawaru
Qazlal
Ru
Sif Muna
Trog
Uskayaw
Vehumet
Wu Jian
Xom
Yredelemnul
Zin
The Shining One
Jiyva
Lugonu

Shops:
D *[*[[(*[:(


Innate Abilities, Weirdness & Mutations

You have a pair of horns on your head.
You reflexively headbutt those who attack you in melee.


Message History

You feel you are being watched by something.
You closely miss the steelbarb worm.
The wolf spider's many legs skitter.
You headbutt the steelbarb worm.
The steelbarb worm is almost dead.
The steelbarb worm hits you!
* * * LOW HITPOINT WARNING * * *
Barbed spikes become lodged in your body.
You impale the steelbarb worm!!
You kill the steelbarb worm!
The wolf spider is no longer distracted by gold.
The orb spider is no longer distracted by gold.
You stick the wolf spider like a pincushion!!!
The wolf spider looks as sick as possible!
You headbutt the wolf spider.
The wolf spider is almost dead.
The wolf spider hits you!
* * * LOW HITPOINT WARNING * * *
The wolf spider bites you but does no damage.
A torpor snail comes into view.
Being near the torpor snail leaves you feeling lethargic.
Unknown command.
You barely miss the wolf spider. You headbutt the wolf spider.
The wolf spider is almost dead.
You kill the wolf spider!
The orb spider pulsates with a strange energy.
Your Armour skill increases to level 23!
The barbs in your skin will harm you if you move.
Continue? [Y]es or [N]o only, please.
The barbs in your skin will harm you if you move.
Continue? [Y]es or [N]o only, please.
The barbs in your skin will harm you if you move.
Continue?
Uppercase [Y]es or [N]o only, please.
The barbs in your skin will harm you if you move.
Continue?
The barbed spikes dig painfully into your body as you move.
* * * LOW HITPOINT WARNING * * *
You see here 252 gold pieces.
The barbed spikes dig painfully into your body as you move.
You die...
Your body crumbles into a pile of gold.

♣.▓.▓.▓.▓.▓.▓.▓_
♣+♣.▓.▓.▓.▓.▓.▓.▓_
▓.▓.▓.▓.▓[▓.▓.▓.▓_
▓w▓.▓.▓.▓)▓.▓.▓.▓_
▓{▓.▓.▓.▓)▓.▓.▓.▓_
▓.▓.▓[▓.▓[▓.▓'▓.▓_
▓.▓.▓[▓.▓)▓.▓.▓.▓_
▓s▓.▓[▓.▓)▓.▓.▓.▓_
▓@▓.▓[▓.▓)▓.▓.▓.▓_
▓$▓)▓[▓.▓'▓.▓.▓.▓_
▓.▓.▓[▓.▓.▓.▓.▓.▓_
▓$▓.▓[▓.▓)▓.▓.▓.▓_
▓.▓.▓[▓.▓)▓.▓.▓.▓_
▓.▓.▓.▓.▓)▓.▓.▓.▓_
▓.▓.▓.▓.▓.▓.▓.▓.▓_
▓.▓.▓)▓.▓)▓.▓'▓.▓_
▓[▓)▓)▓.▓.▓.▓.▓.▓_


You could see a torpor snail (soul bound) and an orb spider (soul bound,
charged).

Vanquished Creatures
  Frances (D)
  Kirke (D)
  Snorg (D)
  Josephine (D)
  A rakshasa (D)
  Erolcha (D)
  3 hydras (D)
  An ice dragon (D)
  A spriggan air mage (D)
  A boulder beetle (D)
  2 death yaks (D)
  An orc high priest (D)
  A death yak (shapeshifter) (D)
  A tengu warrior (D)
  2 naga sharpshooters (D)
  A pharaoh ant (D)
  A skeletal warrior (D)
  An orb spider (D)
  A flayed ghost (D)
  A naga ritualist (D)
  A steelbarb worm (D)
  A wizard (D)
  7 orc knights (D)
  2 wolf spiders (D)
  A mana viper (D)
  An orc sorcerer (D)
  4 cyclopes (D)
  3 ugly things (D)
  2 manticores (D)
  An elephant (D)
  4 black mambas (D)
  2 naga magi (D)
  A gargoyle (D)
  6 cane toads (D)
  A troll (D)
  2 blink frogs (D)
  A yak (D)
  6 wraiths (D)
  2 wyverns (D)
  3 hogs (D)
  3 basilisks (D)
  3 humans (D)
  A vampire mosquito (D)
  A redback (D)
  2 acid dragons (D)
  2 water moccasins (D)
  15 orc warriors (D)
  A wolf (D)
  A centaur (D)
  A phantom (D)
  2 bullfrogs (D)
  A killer bee (D)
  2 howler monkeys (D)
  2 orc priests (D)
  7 orc wizards (D)
  An adder (D)
  A dart slug (D)
  6 orcs (D)
  2 goblins (D)
  A jackal (D)
  A bat (D)
  A kobold (D)
132 creatures vanquished.

Notes
Turn   | Place    | Note
-------+----------+-------------------------------------------
     0 | D        | Heoruswealwe the Minotaur Fighter began the quest for the
                  | Orb.
     0 | D        | Reached XP level 1. HP: 19/19 MP: 0/0
    15 | D        | Reached skill level 3 in Polearms
    29 | D        | Reached skill level 4 in Polearms
    60 | D        | Noticed a phantom
    60 | D        | Noticed a centaur
    62 | D        | Reached XP level 2. HP: 28/28 MP: 1/1
    67 | D        | Killed a centaur
    68 | D        | Reached skill level 7 in Polearms
    68 | D        | Reached XP level 3. HP: 30/38 MP: 2/2
    68 | D        | Reached XP level 4. HP: 35/45 MP: 3/3
    73 | D        | Killed a phantom
    74 | D        | Reached skill level 9 in Polearms
    74 | D        | Reached XP level 5. HP: 43/52 MP: 4/4
    82 | D        | Found a snail-covered altar of Cheibriados.
    82 | D        | Found a shadowy altar of Dithmenos.
    82 | D        | Found a white marble altar of Elyvilon.
    82 | D        | Found a blossoming altar of Fedhas.
    82 | D        | Found an opulent altar of Gozag.
    83 | D        | Found a hazy altar of Hepliaklqana.
    84 | D        | Found a viscous altar of Jiyva.
    85 | D        | Found an ancient bone altar of Kikubaaqudgha.
    86 | D        | Found a corrupted altar of Lugonu.
    87 | D        | Found a burning altar of Makhleb.
    88 | D        | Found a sparkling altar of Nemelex Xobeh.
    89 | D        | Found an iron altar of Okawaru.
    90 | D        | Became a worshipper of Gozag Ym Sagoz the Greedy
    91 | D        | Found a stormy altar of Qazlal.
    92 | D        | Found a sacrificial altar of Ru.
    93 | D        | Found a shimmering blue altar of Sif Muna.
    94 | D        | Found a bloodstained altar of Trog.
    95 | D        | Found a hide-covered altar of Uskayaw.
    96 | D        | Found a radiant altar of Vehumet.
    97 | D        | Found an ornate altar of the Wu Jian Council.
    98 | D        | Found a shimmering altar of Xom.
    99 | D        | Found a basalt altar of Yredelemnul.
   100 | D        | Found a glowing silver altar of Zin.
   101 | D        | Found a glowing golden altar of the Shining One.
   157 | D        | Noticed a troll
   157 | D        | Noticed an acid dragon
   157 | D        | Noticed a wraith
   157 | D        | Noticed an acid dragon
   160 | D        | Reached skill level 10 in Polearms
   163 | D        | Killed an acid dragon
   164 | D        | Reached skill level 11 in Polearms
   164 | D        | Reached XP level 6. HP: 62/62 MP: 5/5
   165 | D        | Killed a wraith
   166 | D        | Reached skill level 12 in Polearms
   174 | D        | Killed an acid dragon
   175 | D        | Reached skill level 10 in Fighting
   175 | D        | Reached skill level 13 in Polearms
   175 | D        | Reached skill level 10 in Armour
   175 | D        | Reached XP level 7. HP: 45/72 MP: 6/6
   179 | D        | Killed a troll
   180 | D        | Reached skill level 14 in Polearms
   263 | D        | Noticed a manticore
   263 | D        | Noticed a cyclops
   263 | D        | Noticed a boulder beetle
   263 | D        | Noticed a manticore
   263 | D        | Noticed a gargoyle
   265 | D        | Killed a gargoyle
   266 | D        | Reached skill level 15 in Polearms
   266 | D        | Reached XP level 8. HP: 76/82 MP: 7/7
   271 | D        | Killed a manticore
   281 | D        | Killed a boulder beetle
   282 | D        | Reached skill level 17 in Polearms
   282 | D        | Reached XP level 9. HP: 30/92 MP: 8/8
   287 | D        | Killed a cyclops
   292 | D        | Killed a manticore
   293 | D        | Reached skill level 18 in Polearms
   539 | D        | Noticed a cane toad
   555 | D        | Killed a cane toad
   556 | D        | Reached skill level 19 in Polearms
   580 | D        | Reached XP level 10. HP: 51/104 MP: 9/9
   765 | D        | Noticed a death yak
   765 | D        | Noticed a four-headed hydra
   765 | D        | Noticed a four-headed hydra
   765 | D        | Noticed a cane toad
   765 | D        | Noticed an elephant
   769 | D        | Killed an elephant
   775 | D        | Noticed a death yak
   778 | D        | Killed a nine-headed hydra
   778 | D        | Noticed a black mamba
   779 | D        | Reached skill level 15 in Fighting
   779 | D        | Reached skill level 20 in Polearms
   779 | D        | Reached skill level 15 in Armour
   782 | D        | Killed a cane toad
   788 | D        | Killed a nine-headed hydra
   794 | D        | Killed a death yak
   795 | D        | Reached skill level 21 in Polearms
   798 | D        | Killed a death yak
   951 | D        | Killed a black mamba
   965 | D        | Noticed a cane toad
   965 | D        | Noticed a cane toad
   966 | D        | Noticed a cane toad
   969 | D        | Killed a cane toad
   970 | D        | Reached XP level 11. HP: 89/115 MP: 10/10
   973 | D        | Reached skill level 22 in Polearms
  1368 | D        | Noticed an orc sorcerer
  1368 | D        | Noticed an orc high priest
  1368 | D        | Noticed an orc knight
  1369 | D        | Noticed an orc knight
  1376 | D        | Killed an orc knight
  1382 | D        | Noticed an orc knight
  1384 | D        | Killed an orc high priest
  1384 | D        | Paralysed by an orc sorcerer for 2 turns
  1385 | D        | Reached skill level 23 in Polearms
  1390 | D        | Killed an orc sorcerer
  1395 | D        | Killed an orc knight
  1418 | D        | Killed an orc knight
  1623 | D        | Found Zaunem's Antique Weapon Boutique.
  1623 | D        | Noticed an orc knight
  1623 | D        | Noticed an orc knight
  1626 | D        | Noticed an orc knight
  1643 | D        | Killed an orc knight
  1644 | D        | Reached skill level 24 in Polearms
  1648 | D        | Killed an orc knight
  1703 | D        | Killed an orc knight
  2024 | D        | Found Zut Kehe's Book Shop.
  2028 | D        | Found Efug's Antique Armour Boutique.
  2032 | D        | Found Efuda's General Store.
  2074 | D        | Noticed an orc knight
  2085 | D        | Killed an orc knight
  2167 | D        | Bought a brightly glowing cloak for 218 gold pieces
  2167 | D        | Identified the +0 cloak "Adedufir" {rElec Str+3 Int-2} (You
                  | bought it in a shop in the Dungeon)
  2167 | D        | Bought a glowing hat for 161 gold pieces
  2169 | D        | Bought a potion of might for 44 gold pieces
  2169 | D        | Bought a scroll of poison for 44 gold pieces
  2169 | D        | Bought a lightning rod (4/4) for 330 gold pieces
  2213 | D        | Bought a warped glaive for 230 gold pieces
  2213 | D        | Identified the +3 glaive "Beetlebane" {holy, Contam Will+
                  | MP+9 Dex+3} (You bought it in a shop in the Dungeon)
  2216 | D        | Bought a fine cloak for 332 gold pieces
  2216 | D        | Identified the +2 cloak of the Evil One {MP+9} (You bought
                  | it in a shop in the Dungeon)
  2216 | D        | Bought a pair of runed gloves for 262 gold pieces
  2216 | D        | Bought the +10 tower shield of Ignorance {rN+ Int-4} for
                  | 2005 gold pieces
  2216 | D        | Found the +10 tower shield of Ignorance {rN+ Int-4}
  2228 | D        | Bought a potion of curing for 39 gold pieces
  2296 | D        | Noticed Erolcha
  2303 | D        | Killed Erolcha
  2304 | D        | Reached XP level 12. HP: 92/128 MP: 7/11
  2468 | D        | Got the +8 glaive of Patterns {flame, *Rage rPois Dex+2}
  2498 | D        | Noticed a five-headed hydra
  2500 | D        | Reached skill level 25 in Polearms
  2509 | D        | Noticed an ice dragon
  2521 | D        | Noticed a rakshasa
  2523 | D        | Noticed a broodmother
  2525 | D        | Noticed a tengu warrior
  2529 | D        | Killed a nine-headed hydra
  2529 | D        | a broodmother changed into an ettin
  2529 | D        | Noticed an ettin (glowing shapeshifter)
  2533 | D        | an ettin changed into something unseen
  2537 | D        | Noticed a spriggan air mage
  2539 | D        | Killed an ice dragon
  2540 | D        | Reached skill level 26 in Polearms
  2543 | D        | Noticed a death yak
  2544 | D        | Killed a rakshasa
  2549 | D        | Killed a death yak
  2559 | D        | Killed a tengu warrior
  2572 | D        | Killed a spriggan air mage
  2822 | D        | Bought a glowing cloak for 255 gold pieces
  2839 | D        | Noticed Kirke
  2854 | D        | Killed Kirke
  2855 | D        | Reached skill level 27 in Polearms
  2972 | D        | Noticed Snorg
  2981 | D        | Killed Snorg
  2985 | D        | Noticed Josephine
  2996 | D        | Killed Josephine
  3022 | D        | Noticed Frances
  3032 | D        | Killed Frances
  3033 | D        | Reached XP level 13. HP: 143/143 MP: 0/12
  3239 | D        | Bought a scroll labelled URPHUS GILACW for 30 gold pieces
  3239 | D        | Bought a scroll of enchant armour for 225 gold pieces
  3239 | D        | Bought a scroll labelled CANATI MUET for 30 gold pieces
  3239 | D        | Bought a scroll of identify for 60 gold pieces
  3242 | D        | Acquired a +5 bardiche of protection
  3272 | D        | HP: 6/147 [wolf spider (15)]
  3275 | D        | Succumbed to barbed spike wounds

Illustrated notes

Levels and vault maps discovered:
D:        linesprint [early_d, line_temple, items_1, d_10, items_2, lair_1,
          lair_end, items_3, orc_1, orc_end, items_4, d_15, swamp_1, shoals_1,
          snake_1, spider_1, d_20, vaults_1, items_5, swamp_end, shoals_end,
          snake_end, spider_end, vaults_end, d_27, items_6, zot_1, zot_end,
          crypt_end, forest_end, elf_end, slime_end, tomb_end, abyss_end,
          pan_hell_end]

Skill      XL: |  1  2  3  4  5  6  7  8  9 10 11 12 13 |
---------------+----------------------------------------+-----
Polearms       | 4 7 9 11 13 15 17 19 21 24 27 | 27.0
Fighting       | 4 6 7 8 10 11 12 14 16 18 21 22 | 22.9
Armour         | 4 6 7 8 10 11 12 14 16 18 21 23 | 23.0
Shields        | |  3.6

Action                     |  1- 3 |  4- 6 |  7- 9 | 10-12 | 13-15 || total
---------------------------+-------+-------+-------+-------+-------++-------
  Melee: Trident           |    27 |     8 |       |       |       ||    35
         Headbutt          |     3 |     6 |    20 |    84 |    15 ||   128
         Halberd           |       |    17 |    60 |   320 |    64 ||   461
 Invoke: Call Merchant     |       |       |       |     5 |     1 ||     6
    Use: Potion            |       |       |     1 |    15 |       ||    16
         Scroll            |       |       |       |     3 |     3 ||     6
   Stab: Distracted        |       |       |     1 |     3 |     1 ||     5
 Armour: Scale mail        |     9 |     8 |    10 |    40 |       ||    67
         Plate armour      |       |       |       |    91 |    43 ||   134
         Chain mail        |       |       |       |    10 |       ||    10
  Dodge: Dodged            |    12 |    14 |    13 |    65 |    22 ||   126
  Block: Buckler           |     9 |     1 |       |       |       ||    10
